Unix NetHack Version 3.7.0-89 Work-in-progress - last build Nov 29 2023 03:14:05 (8663f69846b387d428bf56816b0fc57e108cd183,branch:master). Game began 2023-12-03 11:58:57, ended 2023-12-03 13:03:56. MalkMcJorma, neutral male human Barbarian ------ --------------------------------- ---- ---.--.--- ..0..............................0 0.*.| --......).| ...-----------#------------#----------.......| |...|.....--- --.| 0.......................#......>| |..---<.....| |.| ----- -------.---------.|.......| ---- ---...... --.| .. |. | |.-.--..| -..... -..| ._ | |.. --.... ...| .%0. |.. |.... |.| .... -+- |.. -..... |.| 0--...-- .. |.. ....... . |.| {....... .. |.. ........--.| ....... . |.- ..........| | ......- -.|.| .........|.| ......| |.#.| ....---.#.| |....*.. |.|.| ...| |.|.| |...... | |:| .-- |.| - -..... |.| |.| ... |.| |.----------------#------------------@| |...................................a0| ------------------------------------- MalkMcJorma the Bandit St:17 Dx:18 Co:18 In:8 Wi:7 Ch:7 Neutral Dlvl:8 $:786 HP:0(89) Pw:14(14) AC:0 Xp:7/1152 T:4501 Burdened Latest messages: You kick an orc corpse named Uothaithos of Aihaiaigor. Thump! You see here an orcish helm. You have a little trouble lifting j - an orcish helm. You see here a dagger. You have a little trouble lifting v - a dagger (at the ready) (11 in total). You see here a chest. Hmmm, the chest turns out to be locked. Unlock it with your key? [ynq] (q) You succeed in unlocking the chest. You have a little trouble removing $ - 260 gold pieces (786 in total). D - a scroll labeled ELAM EBOW. F - a scroll labeled STRC PRST SKRZ KRK. You climb up the stairs. You hear Aakhaakh of Aihaiaigor incant TEMOV. Airuk-abane of Aihaiaigor throws an orcish dagger! The orcish dagger hits Haiaithosog of Aihaiaigor. The dwarf picks up an orcish dagger. The air crackles around Unogrukai of Aihaiaigor. You begin bashing monsters with your pick-axe. You miss the soldier ant. The soldier ant bites! The soldier ant stings! The soldier ant just misses! The soldier ant stings! You smite the soldier ant. The soldier ant misses! The soldier ant stings! You miss the soldier ant. The soldier ant just misses! The soldier ant stings! You smite the soldier ant. The soldier ant misses! The soldier ant stings! You miss the soldier ant. You smite the soldier ant. The soldier ant misses! The soldier ant stings! What do you want to wield? [- avx or ?*] a - an uncursed +0 battle-axe (weapon in hands). The soldier ant misses! The soldier ant stings! You smite the soldier ant! The soldier ant bites! The soldier ant stings! The soldier ant bites! The soldier ant misses! The soldier ant bites! The soldier ant stings! You die... Inventory: Coins ('$') $ - 786 gold pieces Weapons (')') v - 11 uncursed +0 daggers (at the ready) a - an uncursed +0 battle-axe (weapon in hands) Armor ('[') j - an uncursed +0 orcish helm u - a cursed -1 pair of gauntlets of fumbling r - an uncursed +0 pair of high boots (being worn) q - an uncursed +0 cloak of protection (being worn) s - an uncursed +0 elven mithril-coat (being worn) Comestibles ('%') c - an uncursed cram ration d - 7 uncursed food rations b - 2 uncursed pancakes i - an uncursed tripe ration Y - an uncursed lichen corpse Scrolls ('?') w - 2 uncursed scrolls of confuse monster F - an uncursed scroll of destroy armor n - an uncursed scroll of earth D - an uncursed scroll of enchant armor e - a cursed scroll of enchant armor I - an uncursed scroll of light X - a blessed scroll of punishment k - an uncursed scroll of teleportation Potions ('!') G - an uncursed potion of extra healing H - an uncursed potion of gain energy C - a blessed potion of hallucination y - an uncursed potion of paralysis f - an uncursed potion of see invisible o - an uncursed potion of sleeping Rings ('=') A - a cursed ring of conflict m - an uncursed ring of stealth (on left hand) Wands ('/') E - an uncursed wand of teleportation (0:6) Tools ('(') l - a cursed frost horn (0:1) x - an uncursed +0 pick-axe p - an uncursed skeleton key z - an uncursed skeleton key B - an uncursed partly used tallow candle Z - 2 uncursed tallow candles h - 7 blessed wax candles g - 7 uncursed wax candles Gems/Stones ('*') t - an uncursed rock MalkMcJorma the Barbarian's attributes: Background: You were a Bandit, a level 7 male human Barbarian. You were neutral, on a mission for Crom who was opposed by Mitra (lawful) and Set (chaotic). You were in the Gnomish Mines, on level 8. You entered the dungeon 4501 turns ago. You had 1152 experience points, 128 more were needed to attain level 8. Basics: You had 0 out of 89 hit points. You had all 14 energy points (spell power). Your armor class was 0. Your wallet contained 786 zorkmids. Autopickup was off. Final Characteristics: Your strength was 17 (limit:18/100). Your dexterity was 18 (limit:18). Your constitution was 18 (limit:18). Your intelligence was 8 (limit:18). Your wisdom was 7 (limit:18). Your charisma was 7 (limit:18). Final Status: You weren't hungry. You were burdened; movement was slightly slowed. You were wielding an axe. You had expert skill with axe. Final Attributes: You were piously aligned. You were poison resistant. You were telepathic. You were stealthy. You were protected. You were fast. You are dead. Miscellaneous: You disabled loading of bones levels. Total elapsed playing time was 1 hour, 4 minutes and 56 seconds. Major events: Turn 1: MalkMcJorma the neutral male human Barbarian entered the dungeon 1290: attained the rank of Pillager (level 3) 1516: entered the Gnomish Mines 2132: attained the rank of Bandit (level 6) 2153: became literate by naming Sting 4039: reached Mine Town 4501: killed by a soldier ant Vanquished creatures: a giant beetle a giant spider a rust monster a jaguar a blue jelly 4 soldier ants 2 bugbears 2 Mordor orcs an orc shaman a rock piercer a pony a yellow light 5 gnome leaders 7 elf zombies 2 giant ants a floating eye a kitten 9 dwarves 2 homunculi a kobold leader a rabid rat 2 giant bats an orc zombie 2 werejackals 4 iguanas 3 acid blobs a coyote 3 hobbits a manes 3 orcs 3 cave spiders a brown mold 30 gnomes 3 geckos 5 jackals a kobold 15 grid bugs a bat 4 lichens 7 newts 136 creatures vanquished. No species were genocided or became extinct. Voluntary challenges: You read items or engraved 1 time. You never engraved Elbereth. You never genocided any monsters. You never polymorphed an object. You never changed form. You used no wishes. Achievements: You entered a shop. You attained the rank of Pillager. You entered the Gnomish Mines. You attained the rank of Bandit. You entered Minetown. The Dungeons of Doom: levels 1 to 6 Level 1: A sink. Level 2: "Vault" A fountain. Level 3: An armor shop. Level 4: A jewelers, a fountain, a grave. Stairs down to The Gnomish Mines. Level 5: Level 6: The Gnomish Mines: levels 5 to 10 Level 5: Level 6: Level 7: Level 8: <- You were here. An altar, a fountain. Final resting place for you, killed by a soldier ant. Level 9: Level 10: Game over: ---------- / \ / REST \ / IN \ / PEACE \ / \ | MalkMcJorma | | 786 Au | | killed by a | | soldier ant | | | | | | 2023 | *| * * * | * _________)/\\_//(\/(/\)/\//\/|_)_______ Goodbye MalkMcJorma the Barbarian... You died in The Gnomish Mines on dungeon level 8 with 5766 points, and 786 pieces of gold, after 4501 moves. You were level 7 with a maximum of 89 hit points when you died.